 Dungeon Crawl Stone Soup version 0.29-a0-512-gf59ac788ac (webtiles) character file.

Game seed: 8400830637082930888

156 Sobieck the Ruffian (level 5, -3/46 HPs)
             Began as a Ghoul Monk on May 29, 2022.
             Slain by a gnoll
             ... wielding a +0 spear
              (4 damage)
             ... on level 3 of the Dungeon.
             The game lasted 00:04:12 (2475 turns).

Sobieck the Ruffian (Ghoul Monk)                    Turns: 2475, Time: 00:04:12

Health: -3/46      AC:  7    Str: 17    XL:     5   Next: 37%
Magic:  4/4        EV: 10    Int:  5    God:
Gold:   147        SH:  0    Dex: 11    Spells: 4/4 levels left

rFire   . . .      SeeInvis .     - Unarmed
rCold   + . .      Faith    .   (no shield)
rNeg    + + +      Spirit   .   o - +0 scale mail
rPois   ∞          Reflect  .   y - +0 helmet
rElec   .          Harm     .   (no cloak)
rCorr   .          Rampage  .   (no gloves)
Will    .....                   (no boots)
Stlth   ..........              (no amulet)
HPRegen 0.00/turn               (no ring)
MPRegen 0.09/turn               (no ring)

@: inhibited regen
A: claws 1, cold resistance 1, negative energy resistance 3, inhibited
regeneration, torment resistance 2, devour on kill
a: no special abilities


You were on level 3 of the Dungeon.
You visited 1 branch of the dungeon, and saw 3 of its levels.

You collected 147 gold pieces.


Innate Abilities, Weirdness & Mutations

You are immune to poison.
You have sharp fingernails.
Your flesh is cold resistant. (rC+)
You are immune to negative energy. (rN+++)
You do not regenerate when monsters are visible.
You are immune to unholy pain and torment.
You thrive by killing the living.


   Skills:
 + Level 4.3 Fighting
 + Level 2.0 Armour
 + Level 3.5 Dodging
 - Level 2.1 Stealth
 + Level 4.3 Unarmed Combat


You had 4 spell levels left.
You didn't know any spells.
Your spell library contained the following spells:

 Spells                   Type           Power      Damage    Failure   Level
 Necrotize                Necr           0%         1d4       88%         1
 Vampiric Draining        Necr           0%         2d6       99%         3
 Animate Dead             Necr           0%         N/A       100%        4
 Agony                    Necr           0%         N/A       100%        5
 Irradiate                Conj/Tmut      0%         3d13      100%        5
 Haunt                    Necr/Summ      0%         N/A       100%        7
 Infestation              Necr           0%         N/A       100%        8
 Blade Hands              Tmut           Unusable   N/A       N/A         5
 Dragon Form              Tmut           Unusable   N/A       N/A         7

Inventory:

Missiles
 d - 12 poisoned darts (quivered) {throwing}
 g - 43 stones {throwing}
 q - 6 boomerangs {throwing}
Armour
 a - a +0 robe
 j - a +0 scale mail
   (You found it on level 1 of the Dungeon)
 k - a +0 ring mail
   (You found it on level 1 of the Dungeon)
 o - a +0 scale mail (worn)
   (You found it on level 2 of the Dungeon)
 r - a +0 robe
   (You found it on level 2 of the Dungeon)
 t - a +0 scale mail
   (You took it off Terence on level 2 of the Dungeon)
 x - a +0 animal skin
   (You took it off Robin on level 2 of the Dungeon)
 y - a +0 helmet (worn)
   (You took it off Robin on level 2 of the Dungeon)
 z - a +0 robe
   (You took it off Jessica on level 2 of the Dungeon)
 C - a +0 leather armour
   (You found it on level 2 of the Dungeon)
 E - a +0 robe
   (You found it on level 2 of the Dungeon)
Scrolls
 c - a scroll of fear {unknown}
 e - 5 scrolls of identify {unknown}
 f - 2 scrolls of enchant weapon {unknown}
 m - a scroll of vulnerability {unknown}
 p - a scroll of torment {unknown}
 u - a scroll of noise {unknown}
 w - a scroll of fog {unknown}
 A - a scroll of teleportation {unknown}
Potions
 b - 2 potions of ambrosia
 h - 2 potions of curing {unknown}
 i - a potion of heal wounds {unknown}
 l - 2 potions of degeneration {unknown}
 n - a potion of invisibility {unknown}
 s - a potion of brilliance {unknown}
 v - a potion of lignification {unknown}
 B - a potion of haste {unknown}
 D - a potion of resistance {unknown}

Dungeon Overview and Level Annotations

Branches:
Dungeon (3/15)

Altars:

Annotations:
D:3 3 runed translucent doors, quokkamancerX's ghost, amateur DsBe

#......###
#.#...#.#...#
##≈⌠K##
#.#...## ##
#.........#
#######.
......#
....####.#...#
#...##.#
#######
##..####.##.##
#.......
.........##.#
#...####
........###.#
#####
..#.###.# #.#
# ##.###.#
##@#.##.#
#g###....#
#g.# ####.#
..... ......#
.......#
#.......#
#.......#
#.......#


You could see 2 gnolls.


Message History

QuokkamancerX's ghost (amateur Demonspawn Berserker) comes into view.
A kobold comes into view. It is wielding a +0 whip.
The kobold shouts! x2; You hear a shout!
The kobold hits the fungus with a +0 dagger.
Unknown command. 2 kobolds come into view.
A kobold is wielding a +0 rapier of distortion.
A kobold is wielding a +5 dagger of venom.
The kobold shouts!
QuokkamancerX's ghost turns its malevolent gaze towards you.
A nearby fungus withers and dies. 2 kobolds come into view.
A kobold is wielding a +0 dagger and quivering poisoned darts.
The kobold shouts!
A nearby plant withers and dies.
QuokkamancerX's ghost makes a sound of rattling chains.
Unknown command.
Danger!
You start putting on your armour.
You continue putting on your +0 helmet. x4
You finish putting on your +0 helmet.
You start removing your armour.
You continue taking off your +0 robe. x4
You finish taking off your +0 robe.
You start putting on your armour.
You continue putting on your +0 scale mail. x5
You finish putting on your +0 scale mail.
Your movement speed is average.
Your attack delay is about 0.9.
Okay, then.
You start removing your armour.
You continue taking off your +0 scale mail. x4
You finish taking off your +0 scale mail.
You start putting on your armour.
You continue putting on your +0 scale mail. x5
You finish putting on your +0 scale mail.
Your movement speed is average.
Your attack delay is about 0.9.
Unknown command.
There is a stone staircase leading up here. 2 gnolls come into view.
The gnoll shouts! x2
The gnoll moves out of view.
Danger!
A gnoll comes into view. It is wielding a +0 spear.
The gnoll shouts!
You hear a shout!
The gnoll barely misses you. The gnoll hits you with a +0 flail.
You hear an angry hiss.
You claw the gnoll! The gnoll hits you with a +0 flail.
The gnoll closely misses you.
A gnoll comes into view. It is wielding a +0 flail.
The gnoll hits you but does no damage.
You closely miss the gnoll. The gnoll closely misses you.
The gnoll hits you but does no damage. The gnoll closely misses you.
You closely miss the gnoll. Your claw misses the gnoll.
The gnoll barely misses you. x2; The gnoll closely misses you.
You scratch the gnoll.
You kill the gnoll!
You feel better.
Unknown command.
The gnoll attacks as you move away! The gnoll hits you with a +0 flail.
Unknown command.
You barely miss the gnoll. The gnoll hits you with a +0 flail.
You scratch the gnoll.
The gnoll hits you from afar with a +0 spear.
The gnoll barely misses you.
You closely miss the gnoll. The gnoll closely misses you.
The gnoll hits you with a +0 flail!
You claw the gnoll!
The gnoll hits you from afar with a +0 spear.
* * * LOW HITPOINT WARNING * * *
The gnoll hits you with a +0 flail!
* * * LOW HITPOINT WARNING * * *
You barely miss the gnoll. The gnoll hits you with a +0 flail.
* * * LOW HITPOINT WARNING * * *
The gnoll closely misses you.
Unknown command.
You closely miss the gnoll. The gnoll barely misses you. x2
You scratch the gnoll but do no damage.
The gnoll hits you from afar with a +0 spear.
* * * LOW HITPOINT WARNING * * *
The gnoll barely misses you.
You scratch the gnoll.
You kill the gnoll!
You feel better.
The gnoll hits you from afar with a +0 spear.
* * * LOW HITPOINT WARNING * * *
Your Armour skill increases to level 2!
You scratch the gnoll. The gnoll misses you.
The gnoll hits you with a +0 flail.
* * * LOW HITPOINT WARNING * * *
Unknown command.
You scratch the gnoll.
The gnoll hits you from afar with a +0 spear.
* * * LOW HITPOINT WARNING * * *
The gnoll closely misses you.
You closely miss the gnoll. The gnoll closely misses you. x2
You scratch the gnoll. The gnoll hits you but does no damage.
The gnoll completely misses you.
Unknown command.
You scratch the gnoll but do no damage. You completely miss the gnoll.
The gnoll hits you with a +0 flail.
* * * LOW HITPOINT WARNING * * *
The gnoll hits you from afar with a +0 spear.
You die...

Skill      XL: |  1  2  3  4  5 |
---------------+----------------+-----
Armour         | 1 2 |  2.0
Dodging        | 3 |  3.5
Fighting       | 4 |  4.3
Unarmed Combat | 4 |  4.3
Stealth        | |  2.1

Action                   |  1- 3 |  4- 6 || total
-------------------------+-------+-------++-------
Melee: Unarmed           |    88 |    81 ||   169
       Punch             |     3 |     1 ||     4
 Stab: Sleeping          |     3 |     2 ||     5
Armor: Robe              |    22 |     8 ||    30
       Scale mail        |       |     3 ||     3
Dodge: Dodged            |    46 |    46 ||    92

Levels and vault maps discovered:
D:1:      minmay_arrival_radiant_lines, layout_rooms,
          hellmonk_ecumenical_altar_zigzags
D:2:      kennysheep_big_flooded_room, layout_basic, uniq_terence, uniq_jessica,
          uniq_robin
D:3:      layout_loops_cross, gammafunk_ghost_nasty_kobolds,
          kennysheep_cross_bottleneck

Notes
Turn   | Place    | Note
-------+----------+-------------------------------------------
     0 | D:1      | Sobieck the Ghoul Monk began the quest for the Orb.
     0 | D:1      | Reached XP level 1. HP: 19/19 MP: 0/0
   274 | D:1      | Reached XP level 2. HP: 23/26 MP: 1/1
   306 | D:1      | You pick up a book of Necromancy and begin reading...
   306 | D:1      | You add the spells Necrotize, Vampiric Draining and Agony
                  | to your library.
   521 | D:1      | Found a faded altar of an unknown god.
  1018 | D:2      | Reached skill level 1 in Armour
  1018 | D:2      | Reached skill level 3 in Dodging
  1018 | D:2      | Reached XP level 3. HP: 28/31 MP: 2/2
  1240 | D:2      | Noticed Terence
  1254 | D:2      | Killed Terence
  1255 | D:2      | Reached XP level 4. HP: 33/40 MP: 3/3
  1341 | D:2      | You pick up a book of Transfigurations {@e2} and begin
                  | reading...
  1419 | D:2      | Noticed Robin
  1441 | D:2      | Killed Robin
  1442 | D:2      | Reached skill level 4 in Fighting
  1448 | D:2      | Reached skill level 4 in Unarmed Combat
  1481 | D:2      | Noticed Jessica
  1484 | D:2      | Killed Jessica
  1798 | D:2      | Reached XP level 5. HP: 41/46 MP: 4/4
  2174 | D:3      | You pick up a book of Death and begin reading...
  2174 | D:3      | You add the spells Animate Dead, Haunt and Infestation to
                  | your library.
  2332 | D:3      | Found a runed translucent gate.
  2333 | D:3      | Noticed a kobold brigand
  2334 | D:3      | Found a runed translucent gate.
  2334 | D:3      | Noticed quokkamancerX's ghost (amateur DsBe)
  2336 | D:3      | Found a runed translucent gate.
  2468 | D:3      | HP: 11/46 [gnoll/+0 spear (1)]
  2470 | D:3      | Reached skill level 2 in Armour
  2475 | D:3      | HP: 1/46 [gnoll/+0 flail (5)]
  2475 | D:3      | Slain by a gnoll

Vanquished Creatures
  Jessica (D:2)
  Terence (D:2)
  Robin (D:2)
  2 gnolls (D:3)
  An adder (D:3)
  A worm (D:2)
  2 dart slugs
  An orc (D:3)
  5 bats
  6 endoplasms
  5 giant cockroaches
  10 goblins
  4 hobgoblins
  2 quokkas
  4 ball pythons
  A frilled lizard (D:1)
  5 kobolds
  4 rats
56 creatures vanquished.

Vanquished Creatures (others)
  3 fungi (D:3)
  A plant (D:3)
4 creatures vanquished.

Grand Total: 60 creatures vanquished

Table legend:
 A = Non-vault XP
 B = Vault XP
 C = Vault XP percentage of total XP
 D = Non-vault monster count
 E = Vault monster count
 F = Vault count percentage of total count
                 A         B        C        D         E       F
            +---------+---------+-------+---------+---------+-------
      Total |     112 |     111 |  49.8 |      41 |      15 |  26.8
            +---------+---------+-------+---------+---------+-------
        D:1 |      26 |       0 |   0.0 |      15 |       0 |   0.0
        D:2 |      34 |     111 |  76.6 |      18 |      15 |  45.5
        D:3 |      52 |       0 |   0.0 |       8 |       0 |   0.0
            +---------+---------+-------+---------+---------+-------

Illustrated notes

Table legend:
 A = Kills in this place as a percentage of kills in entire the game.
 B = Kills by you in this place as a percentage of kills by you in the entire game.
 C = Kills by friends in this place as a percentage of kills by friends in the entire game.
 D = Other kills in this place as a percentage of other kills in the entire game.
 E = Experience gained in this place as a percentage of experience gained in the entire game.
 F = Experience gained in this place divided by the number of levels of this place that you have seen.
                   A       B       C       D       E      F
               +-------+-------+-------+-------+-------+----------------------
         Total | 100.0 | 100.0 |   N/A |   N/A | 100.0 |  74.3
       Dungeon | 100.0 | 100.0 |   N/A |   N/A | 100.0 |  74.3
               +-------+-------+-------+-------+-------+----------------------

Table legend: (Time is in decaauts)
 A = Elapsed time spent in this place.
 B = Non-inter-level travel time spent in this place.
 C = Inter-level travel time spent in this place.
 D = Time resting spent in this place.
 E = Time spent auto-exploring this place.
 F = Levels seen in this place.
 G = Mean time per level.
                   A        B        C        D        E       F      G
               +--------+--------+--------+--------+--------+-----+--------+
         Total |   2463 |   2417 |     46 |      0 |   1999 |   3 |  821.0 |
       Dungeon |   2463 |   2417 |     46 |      0 |   1999 |   3 |  821.0 |
               +--------+--------+--------+--------+--------+-----+--------+

Top non-repeatable levels by time:
     D:2: 1282 daAuts
     D:1: 810 daAuts
     D:3: 369 daAuts
